 Dungeon Crawl Stone Soup version 0.20.0-15-g7f486f2 (webtiles) character file.

494 sankara the Cudgeler (level 6, 0/57 HPs)
             Began as a Minotaur Fighter on June 11, 2017.
             Slain by an adder (1 damage)
             ... on level 4 of the Dungeon.
             The game lasted 00:09:36 (2870 turns).

sankara the Cudgeler (Minotaur Fighter)             Turns: 2870, Time: 00:09:37

Health: 0/57       AC: 11    Str: 21    XL:     6   Next: 92%
Magic:  5/5        EV:  7    Int:  5    God:
Gold:   148        SH:  9    Dex: 11    Spells: 5/5 levels left

rFire    . . .     SeeInvis .   b - +1 whip (venom)
rCold    . . .     Gourm    .   c - +0 shield
rNeg     . . .     Faith    .   u - +0 scale mail
rPois    .         Spirit   .   (helmet restricted)
rElec    .         Reflect  .   w - +1 cloak
rCorr    +         Harm     .   h - +1 pair of gloves
MR       .....                  (no boots)
Stlth    ..........             j - amulet of rage
Regen    0.2/turn               l - ring of resist corrosion
MPRegen  0.1/turn               (no ring)

@: no status effects
A: retaliatory headbutt, horns 2
a: Evoke Berserk Rage


You were on level 4 of the Dungeon.
You were full.

You visited 2 branches of the dungeon, and saw 5 of its levels.

You collected 148 gold pieces.

Inventory:

Hand Weapons
 a - a +2 flail of holy wrath
 b - a +1 whip of venom (weapon)
Armour
 c - a +0 shield (worn)
 h - a +1 pair of gloves (worn)
 u - a +0 scale mail (worn)
 w - a +1 cloak (worn)
Jewellery
 j - an amulet of rage (around neck)
 k - an uncursed amulet of the gourmand
 l - a ring of resist corrosion (left hand)
Wands
 g - a wand of flame (8/48)
Scrolls
 e - 3 scrolls of magic mapping {unknown}
 i - a scroll of blinking {unknown}
 m - 2 scrolls of remove curse {unknown}
 p - 2 scrolls of identify {unknown}
 s - a scroll of fear {unknown}
 x - a scroll of immolation {unknown}
Potions
 d - a potion of might
 q - 2 potions of curing {unknown}
 t - a potion of invisibility {unknown}
 v - a potion of resistance {unknown}
 z - a potion of flight {unknown}
Comestibles
 f - 3 bread rations
 n - a meat ration
 o - 3 royal jellies
 r - a chunk of flesh


   Skills:
 + Level 5.9 Fighting
 * Level 7.5 Maces & Flails
 - Level 3.6 Armour
 - Level 4.0 Shields


You had 5 spell levels left.
You didn't know any spells.

Dungeon Overview and Level Annotations

Branches:
Dungeon (4/15)             Temple (1/1) D:4

Altars:
Ashenzari
Cheibriados
Dithmenos
Elyvilon
Fedhas
Gozag
Hepliaklqana
Kikubaaqudgha
Makhleb
Nemelex Xobeh
Qazlal
Ru
Sif Muna
Uskayaw
Vehumet
Xom
Yredelemnul
The Shining One


Innate Abilities, Weirdness & Mutations

You reflexively headbutt those who attack you in melee.
You have a pair of horns on your head.


Message History

The iguana bites you!
You hit the iguana but do no damage.
The iguana looks as sick as possible!
You headbutt the iguana!
The iguana is almost dead.
You kill the iguana!
You closely miss the ice beast. You closely miss the ice beast.
The ice beast hits you. The ice beast freezes you!
* * * LOW HITPOINT WARNING * * *
An orc wizard comes into view. It is wielding a dagger of freezing.
The orc wizard shouts!
You hear an angry hiss.
You hear a shout!
An adder comes into view. 4 orcs come into view.
The orc shouts! x3
The orc wizard hits you but does no damage.
The orc wizard gestures at you while chanting.
The puff of flame hits you!
* * * LOW HITPOINT WARNING * * *
The adder bites you.
You die...

################
...o.o.S@.......
...o.oYo#######. #######.#
##+######### #.###
#........... #.#.#
#...........
#.#.####...........
#######†#....#.........#.
##.#............#.<.........
........).................8)


You could see an ice beast, an orc wizard, an adder and 4 orcs.

Vanquished Creatures
  Edmund (Temple)
  Terence (D:3)
  An iguana (D:4)
  3 orc wizards
  2 worker ants
  Robin (D:3)
  6 adders
  2 oozes
  A worm (D:2)
  A dart slug (D:1)
  6 leopard geckos
  13 orcs
  10 bats
  A giant cockroach (D:1)
  13 goblins
  14 hobgoblins
  7 jackals
  A quokka (D:3)
  3 ball pythons
  8 frilled lizards
  6 kobolds
  9 rats
110 creatures vanquished.

Notes
Turn   | Place    | Note
-------+----------+-------------------------------------------
     0 | D:1      | sankara the Minotaur Fighter began the quest for the Orb.
     0 | D:1      | Reached XP level 1. HP: 19/19 MP: 0/0
    65 | D:1      | Reached skill level 3 in Maces & Flails
    65 | D:1      | Reached XP level 2. HP: 27/27 MP: 1/1
   344 | D:1      | Reached XP level 3. HP: 33/33 MP: 2/2
   797 | D:2      | Reached skill level 4 in Maces & Flails
   805 | D:2      | Reached XP level 4. HP: 41/41 MP: 3/3
  1607 | D:3      | Reached skill level 5 in Maces & Flails
  1663 | D:3      | Noticed Robin
  1664 | D:3      | Reached XP level 5. HP: 47/47 MP: 4/4
  1679 | D:3      | Killed Robin
  1679 | D:3      | Reached skill level 5 in Fighting
  1744 | D:3      | Found a radiant altar of Vehumet.
  1852 | D:3      | Noticed Terence
  1872 | D:3      | Killed Terence
  2131 | D:3      | Found a white marble altar of Elyvilon.
  2131 | D:3      | Found a shimmering altar of Xom.
  2212 | D:3      | Reached skill level 6 in Maces & Flails
  2299 | D:3      | Reached XP level 6. HP: 42/56 MP: 5/5
  2621 | D:4      | Found a staircase to the Ecumenical Temple.
  2626 | D:4      | Noticed Edmund
  2629 | Temple   | Entered the Ecumenical Temple
  2644 | Temple   | Killed Edmund
  2644 | Temple   | Reached skill level 7 in Maces & Flails
  2848 | D:4      | Noticed an ice beast
  2869 | D:4      | HP: 1/57 [orc wizard/puff of flame (6)]
  2870 | D:4      | Slain by an adder

Skill      XL: |  1  2  3  4  5  6 |
---------------+-------------------+-----
Maces & Flails | 3 4 5 6 7 |  7.5
Shields        | 4 |  4.0
Fighting       | 4 5 |  5.9
Armour         | |  3.6

Action                   |  1- 3 |  4- 6 || total
-------------------------+-------+-------++-------
Melee: Flail             |   113 |   175 ||   288
       Headbutt          |    19 |    30 ||    49
       Whip              |       |    11 ||    11
  Eat: Chunk             |       |    16 ||    16
Armor: Scale mail        |    75 |    57 ||   132
Dodge: Dodged            |    46 |    57 ||   103
Block: Shield            |    75 |    82 ||   157
